 Dungeon Crawl Stone Soup version 0.28.0-43-g3370ac3207 (webtiles) character file.

Game seed: 534797844706905912

700 DearestLeader the Protected (level 7, -1/56 HPs)
             Began as a Gnoll Wanderer on Feb 28, 2022.
             Was an Initiate of Makhleb.
             Shot with an arrow by a centaur (9 damage)
             ... on level 5 of the Dungeon.
             The game lasted 00:08:20 (6051 turns).

DearestLeader the Protected (Gnoll Wanderer)        Turns: 6051, Time: 00:08:20

Health: -1/56      AC:  2    Str: 21    XL:     7   Next: 65%
Magic:  12/12      EV: 10    Int:  8    God:    Makhleb [......]
Gold:   259        SH:  0    Dex: 10    Spells: 13/13 levels left

rFire   . . .      SeeInvis +   j - +0 hand axe
rCold   + . .      Faith    .   (no shield)
rNeg    + . .      Spirit   .   c - +2 scale mail
rPois   .          Reflect  .   r - +0 helmet
rElec   .          Harm     .   (no cloak)
rCorr   .          Rampage  .   o - +1 pair of gloves
Will    .....                   (no boots)
Stlth   +.........              (no amulet)
HPRegen 0.18/turn               d - ring of Paijiog {Wiz rC+ Str+5 Dex-2 SInv}
MPRegen 0.13/turn               i - ring of positive energy

@: corroded
A: fangs 1, strong nose, distributed training
a: Renounce Religion


You were on level 5 of the Dungeon.
You worshipped Makhleb.
Makhleb was noncommittal.
You visited 2 branches of the dungeon, and saw 6 of its levels.

You collected 259 gold pieces.

Inventory:

Hand Weapons
 a - a +0 club
 j - a +0 hand axe (weapon)
Missiles
 n - 44 sling bullets
Armour
 c - a +2 scale mail (worn)
 l - a +0 pair of gloves
 o - a +1 pair of gloves (worn)
 r - a +0 helmet (worn)
Jewellery
 d - the ring of Paijiog (left hand) {Wiz rC+ Str+5 Dex-2 SInv}
   (You acquired it on level 2 of the Dungeon)

   [ring of wizardry]

   It improves your spell success rate.
   Str:       It affects your strength (+5).
   Dex:       It affects your dexterity (-2).
   rC:        It protects you from cold.
   SInv:      It lets you see invisible.
 i - a ring of positive energy (right hand)
Wands
 p - a wand of digging (2)
Scrolls
 b - 3 scrolls of fog
 e - 2 scrolls of identify
 f - 2 scrolls of teleportation {unknown}
 h - a scroll of vulnerability {unknown}
 k - a scroll of amnesia {unknown}
 m - a scroll of fear {unknown}
Potions
 g - a potion of brilliance
 q - a potion of haste


   Skills:
 + Level 5.3 Fighting
 + Level 2.6 Short Blades
 + Level 2.6 Long Blades
 + Level 2.6 Axes
 + Level 2.6 Maces & Flails
 + Level 2.6 Polearms
 + Level 2.6 Staves
 + Level 2.6 Slings
 + Level 2.6 Bows
 + Level 2.6 Crossbows
 + Level 2.6 Throwing
 + Level 9.0 Armour
 + Level 2.6 Dodging
 + Level 2.6 Stealth
 + Level 2.6 Shields
 + Level 5.3 Unarmed Combat
 + Level 3.9 Spellcasting
 + Level 2.1 Conjurations
 + Level 2.1 Hexes
 + Level 2.1 Summonings
 + Level 2.1 Necromancy
 + Level 2.1 Translocations
 + Level 2.1 Transmutations
 + Level 2.1 Fire Magic
 + Level 2.1 Ice Magic
 + Level 2.1 Air Magic
 + Level 2.1 Earth Magic
 + Level 2.1 Poison Magic
 + Level 2.9 Invocations
 + Level 3.7 Evocations


You had 13 spell levels left.
You didn't know any spells.
Your spell library contained the following spells:

 Spells                   Type           Power      Damage    Failure   Level
 Dazzling Flash           Conj/Hex       10%        N/A       32%         3
 Iskenderun's Mystic Bla  Conj/Tloc      5%         2d3       71%         4
 Starburst                Conj/Fire      2%         6d3       100%        6


Dungeon Overview and Level Annotations

Branches:
Dungeon (5/15)             Temple (1/1) D:4

Altars:
Dithmenos
Elyvilon
Fedhas
Gozag
Hepliaklqana
Kikubaaqudgha
Makhleb
Nemelex Xobeh
Okawaru
Qazlal
Ru
Trog
Uskayaw
Vehumet
Wu Jian
Yredelemnul
The Shining One


Innate Abilities, Weirdness & Mutations

You have very sharp teeth.
Your uncanny sense of smell can sniff out nearby items.
Your experience applies equally to all skills.


Message History

The centaur is lightly wounded.
The centaur barely misses you. The centaur kicks you.
You closely miss the centaur. You bite the centaur.
The centaur is lightly wounded.
The centaur closely misses you. The centaur barely misses you. x2
The centaur kicks you but does no damage.
You hit the centaur but do no damage. You bite the centaur, but do no damage.
The centaur is lightly wounded.
You hit the jelly. The acid corrodes you!
Your hands burn!
The centaur hits you but does no damage.
The centaur kicks you but does no damage.
The jelly hits you.
You are splashed with acid!
The centaur hits you but does no damage.
The centaur closely misses you.
You hit the centaur. You bite the centaur, but do no damage.
The centaur is moderately wounded.
You hit the jelly but do no damage.
Your hands burn!
The centaur hits you. The centaur barely misses you.
The jelly barely misses you. The centaur hits you.
The centaur barely misses you.
You barely miss the centaur. Your bite misses the centaur.
The centaur is moderately wounded.
You hit the jelly. The acid corrodes you!
Your hands burn!
The jelly closely misses you. The centaur barely misses you.
The centaur misses you. The jelly hits you but does no damage.
The centaur closely misses you. The centaur kicks you.
You hit the centaur.
The centaur is moderately wounded.
You hit the jelly but do no damage.
Your hands burn!
The centaur hits you. The centaur closely misses you. The jelly hits you.
The acid corrodes you!
You are splashed with acid!
* * * LOW HITPOINT WARNING * * *
The centaur wields a +0 shortbow.
The centaur shoots an arrow.
The arrow hits you.
* * * LOW HITPOINT WARNING * * *
The centaur shoots an arrow.
The arrow barely misses you.
The centaur shoots an arrow.
The arrow barely misses you.
The centaur shoots an arrow.
The arrow hits you.
* * * LOW HITPOINT WARNING * * *
The centaur shoots an arrow.
The arrow hits you!
You die...

..## ##..##....
.##..# ##..#####..
...[..# ##..## ###
.......## ##..##
........### ##..##
...<.....c## ##.<##
........#..####..##
......c###..#...##
....... ##J@...#
......# #######
...... ...... ∆ ∆
..... ....#


You could see a centaur and a jelly.

Vanquished Creatures
  Sigmund (D:3)
  A necrophage (D:4)
  A black bear (D:4)
  An ogre (D:4)
  A hound (D:4)
  Natasha (thrice) (D:3)
  A hound skeleton (D:4)
  2 gnolls (D:4)
  3 adders
  A shadow imp (D:3)
  3 adder skeletons (D:4)
  7 dart slugs
  An orc (D:3)
  12 endoplasms
  8 giant cockroaches
  11 hobgoblins
  2 quokkas
  8 ball pythons
  4 bats
  A frilled lizard (D:3)
  8 goblins
  6 kobolds
  8 rats
94 creatures vanquished.

Vanquished Creatures (others)
  A demonic plant (D:2)
  3 fungi
4 creatures vanquished.

Grand Total: 98 creatures vanquished

Notes
Turn   | Place    | Note
-------+----------+-------------------------------------------
     0 | D:1      | DearestLeader the Gnoll Wanderer began the quest for the
                  | Orb.
     0 | D:1      | DearestLeader set off with the following items: a +0 club,
                  | 2 scrolls of fog, a +2 scale mail
     0 | D:1      | Reached XP level 1. HP: 20/20 MP: 4/4
   503 | D:1      | Reached XP level 2. HP: 26/26 MP: 5/5
   993 | D:1      | Reached XP level 3. HP: 30/31 MP: 7/7
  1409 | D:2      | Found a faded altar of an unknown god.
  1690 | D:2      | Reached skill level 1 in Invocations
  1691 | D:2      | Identified a scroll of acquirement
  1692 | D:2      | Acquired the ring of Paijiog {Wiz rC+ Str+5 Dex-2 SInv}
  2427 | D:2      | Reached skill level 1 in Short Blades
  2427 | D:2      | Reached skill level 1 in Long Blades
  2427 | D:2      | Reached skill level 1 in Axes
  2427 | D:2      | Reached skill level 1 in Maces & Flails
  2427 | D:2      | Reached skill level 1 in Polearms
  2427 | D:2      | Reached skill level 1 in Staves
  2427 | D:2      | Reached skill level 1 in Slings
  2427 | D:2      | Reached skill level 1 in Bows
  2427 | D:2      | Reached skill level 1 in Crossbows
  2427 | D:2      | Reached skill level 1 in Throwing
  2427 | D:2      | Reached skill level 1 in Dodging
  2427 | D:2      | Reached skill level 1 in Stealth
  2427 | D:2      | Reached skill level 1 in Shields
  2629 | D:2      | Reached XP level 4. HP: 38/38 MP: 8/8
  3151 | D:3      | Noticed Sigmund
  3179 | D:3      | Killed Sigmund
  3180 | D:3      | Reached skill level 1 in Conjurations
  3180 | D:3      | Reached skill level 1 in Hexes
  3180 | D:3      | Reached skill level 1 in Summonings
  3180 | D:3      | Reached skill level 1 in Necromancy
  3180 | D:3      | Reached skill level 1 in Translocations
  3180 | D:3      | Reached skill level 1 in Transmutations
  3180 | D:3      | Reached skill level 1 in Fire Magic
  3180 | D:3      | Reached skill level 1 in Ice Magic
  3180 | D:3      | Reached skill level 1 in Air Magic
  3180 | D:3      | Reached skill level 1 in Earth Magic
  3180 | D:3      | Reached skill level 1 in Poison Magic
  3180 | D:3      | Reached XP level 5. HP: 23/43 MP: 9/9
  3344 | D:3      | Reached XP level 6. HP: 50/50 MP: 10/10
  3359 | D:3      | Found a white marble altar of Elyvilon.
  3587 | D:3      | Noticed Natasha
  3597 | D:3      | Killed Natasha
  3611 | D:3      | Noticed Natasha
  3627 | D:3      | Killed Natasha
  3856 | D:3      | Noticed Natasha
  3867 | D:3      | Killed Natasha
  3868 | D:3      | Reached skill level 5 in Fighting
  3868 | D:3      | Reached skill level 5 in Unarmed Combat
  4804 | D:4      | Noticed a black bear
  4814 | D:4      | Killed a black bear
  4830 | D:4      | Reached XP level 7. HP: 30/56 MP: 12/12
  5035 | D:4      | Found a staircase to the Ecumenical Temple.
  5076 | Temple   | Entered the Ecumenical Temple
  5204 | Temple   | Became a worshipper of Makhleb the Destroyer
  5623 | D:4      | Reached skill level 9 in Armour
  5976 | D:5      | Entered Level 5 of the Dungeon
  6051 | D:5      | Shot with an arrow by a centaur

Illustrated notes

Levels and vault maps discovered:
D:1:      evilmike_arrival_crescent, layout_loops_ring,
          minmay_misc_feat_diagonals
D:2:      layout_loops_ring, shapermc_ecumenical_altar_gd,
          minmay_split_cup_large
D:3:      kennysheep_big_flooded_room, layout_basic, elyvilon_altar_1,
          hangedman_decor_slide_cut, mrwooster_statue_mirror,
          minmay_misc_feat_pillars, uniq_natasha, uniq_sigmund
D:4:      minmay_opposing_rooms, layout_loops_ring, minmay_temple_entry_ruins
D:5:      layout_cave_pods, ebering_ghost_sewer_f
Temple:   eino_temple_scatter_basement

Skill      XL: |  1  2  3  4  5  6  7 |
---------------+----------------------+-----
Invocations    | 1 2 |  2.9
Short Blades   | 1 2 |  2.6
Long Blades    | 1 2 |  2.6
Axes           | 1 2 |  2.6
Maces & Flails | 1 2 |  2.6
Polearms       | 1 2 |  2.6
Staves         | 1 2 |  2.6
Slings         | 1 2 |  2.6
Bows           | 1 2 |  2.6
Crossbows      | 1 2 |  2.6
Throwing       | 1 2 |  2.6
Dodging        | 1 2 |  2.6
Stealth        | 1 2 |  2.6
Shields        | 1 2 |  2.6
Spellcasting   | 3 |  3.9
Conjurations   | 1 2 |  2.1
Hexes          | 1 2 |  2.1
Summonings     | 1 2 |  2.1
Necromancy     | 1 2 |  2.1
Translocations | 1 2 |  2.1
Transmutations | 1 2 |  2.1
Fire Magic     | 1 2 |  2.1
Ice Magic      | 1 2 |  2.1
Air Magic      | 1 2 |  2.1
Earth Magic    | 1 2 |  2.1
Poison Magic   | 1 2 |  2.1
Evocations     | 3 |  3.7
Fighting       | 5 |  5.3
Unarmed Combat | 5 |  5.3
Armour         | 9 |  9.0

Action                   |  1- 3 |  4- 6 |  7- 9 || total
-------------------------+-------+-------+-------++-------
Melee: Club              |   169 |       |       ||   169
       Bite              |     9 |    14 |    13 ||    36
       Punch             |     4 |     7 |     4 ||    15
       Hand axe          |     2 |   160 |   101 ||   263
  Use: Scroll            |     3 |       |       ||     3
       Potion            |       |     3 |     2 ||     5
 Stab: Invisible         |       |     3 |       ||     3
Armor: Scale mail        |   123 |    84 |    52 ||   259
Dodge: Dodged            |   106 |    90 |    82 ||   278
